← All builds
Tech / Armada / Economy first / OBSERVED BUILD

Standard tech

Armada Tech (Eco) build order · Supreme Isthmus

Rushes T2 by 4:15, gets Advanced Metal Extractor around 5:28, hands off T2 constructors to Geo and the team, then scales eco and supplies the team's T2 needs through the rest of the game.

Usually first T2 con to Geo (83%)

#eco #t2 #team support · 1579 distinct matches · 255 players · 58% of Armada Tech games · team won 53% of 1874 · Recently observed

HOW TO PLAY IT

Key timing: T2 factory by 4:15

  1. Open 3 mex and heavy wind to fund a fast T2 rush.
  2. Put down Bot Lab, planning to eat it for reclaim soon after.
  3. Get Advanced Bot Lab up, hitting the T2 factory rush timing.
  4. Upgrade mex to Advanced Metal Extractor to lock in team metal income.
  5. Eat Advanced Bot Lab and keep sending cons to Geo and Pond.

Phase by phase

TYPICAL OF ITS 1579 GAMES
  1. 1
  2. 2
  3. 3
  4. 4
PLAY THE OPENING

Follow the example game's first 6:00 step by step: what to build now, what comes next, and where it goes. At 1× it keeps pace with your own game.

  1. 1

    Up to the Bot Lab

    Economy
    • Metal Extractor3Mex
    • Wind Turbine4Wind
    Order
    1. Bot LabBot Lab after 3 mex, 4 winddone ~1:18, middle half 1:13–1:32

    Some games also: energy storage (31%)

    By 1:01 in all: 3 mex · 4 wind

    The example game in this phase · 5 steps
    1. Mex
    2. Wind
    3. Mex ×2
    4. Wind ×2
    5. Bot LabBot Labdone 1:07 · typical 1:18
  2. 2

    Bot Lab to Advanced Bot Lab

    Economy
    • Metal Extractor1Mex
    • Wind Turbine8Wind
    • Energy Storage1Energy storage
    Order
    1. Advanced Bot LabAdvanced Bot Lab after 4 mex, 12 wind, 3 con turretdone ~4:16, middle half 4:04–4:30
    Builders
    • Construction Turret3 Con turret
    • Lazarus3 Lazarus
    • Construction Bot2 Con bot
    • Construction Bot1 Con bot for allies

    Some games also: converter (36%)

    By 3:18 in all: 4 mex · 12 wind · 1 energy storage · 3 con turret

    The example game in this phase · 19 steps
    1. Wind
    2. LazarusLazarus
    3. Construction BotCon bot
    4. Wind ×3
    5. LazarusLazarus
    6. Wind
    7. Construction BotCon bot
    8. Wind ×2
    9. LazarusLazarus
    10. Mex
    11. Con turret
    12. Wind
    13. LazarusLazarus
    14. Con turret
    15. Wind
    16. Energy storage
    17. Con turret
    18. Wind
    19. Advanced Bot LabAdvanced Bot Labdone 3:55 · typical 4:16
  3. 3

    Advanced Bot Lab to 5:00

    Economy
    • Wind Turbine3Wind
    Order
    1. Bot LabEat Bot Lab
    Builders
    • Advanced Construction Bot1 T2 con bot for allies

    Some games also: converter (35%)

    By 5:00 in all: 4 mex · 15 wind · 1 converter · 1 energy storage · 3 con turret

    The example game in this phase · 6 steps
    1. Wind ×2
    2. Converter ×3
    3. Bot LabEat Bot Labreclaimed for its metal
    4. Advanced Construction BotT2 con botfor unknown
    5. GunslingerGunslingerfor Ponddone 5:10
    6. Advanced Metal ExtractorT2 mex ×2done 4:50 · typical 5:29
  4. 4

    5:00 to 10:00

    Economy
    • Wind Turbine43Wind
    • Energy Converter6Converter
    Builders
    • Butler9 Butler
    • Advanced Construction Bot4 T2 con bot for allies
    • Advanced Construction Bot1 T2 con bot

    Some games also: con turret (43%) · Butler for allies (36%)

    By 10:00 in all: 4 mex · 58 wind · 8 converter · 1 energy storage · 3 con turret

    The example game in this phase · 169 steps
    1. Advanced Metal ExtractorT2 mex
    2. Advanced Construction BotT2 con botfor Geo sea
    3. ButlerButler ×2
    4. Advanced Metal ExtractorT2 mex
    5. ButlerButler
    6. Advanced Construction BotT2 con bot ×2for Pond
    7. Wind ×2
    8. ButlerButler
    9. Wind ×2
    10. ButlerButler
    11. Wind ×3
    12. ButlerButler
    13. Wind ×2
    14. ButlerButler
    15. Wind
    16. ButlerButler
    17. Wind ×2
    18. ButlerButler
    19. Wind ×3
    20. ButlerButler
    21. Wind ×6
    22. Converter ×2
    23. Wind ×6
    24. Advanced Construction BotT2 con bot
    25. Wind
    26. Converter
    27. Wind
    28. Converter
    29. Wind
    30. Converter
    31. Wind ×3
    32. UmbrellaAnti-nukedone 9:29
    33. Wind ×2
    34. Converter
    35. Wind ×3
    36. Converter
    37. Wind
    38. Converter ×2
    39. Wind ×5
    40. Converter
    41. Wind ×4
    42. Converter ×2
    43. Wind ×2
    44. Converter
    45. Wind ×3
    46. Converter
    47. Wind ×4
    48. Converter ×2
    49. Con turret
    50. Wind ×2
    51. Converter
    52. Wind ×2
    53. Con turret
    54. Wind ×2
    55. Converter
    56. TracerTracer
    57. Wind ×4
    58. Converter
    59. Con turret
    60. Converter ×2
    61. Wind ×4
    62. Converter
    63. Wind ×4
    64. Converter ×2
    65. Wind
    66. Converter
    67. Wind ×5
    68. Converter
    69. Wind
    70. Fusion ReactorFusiondone 11:23
    71. Wind ×2
    72. Con turret
    73. Wind
    74. Converter ×3
    75. Wind ×5
    76. Converter
    77. Wind ×4
    78. Converter ×2
    79. Wind ×2
    80. Converter
    81. Advanced Bot LabEat Advanced Bot Labreclaimed for its metal
    82. Wind ×3
    83. Converter
    84. Wind ×4
    85. Converter ×2
    86. Wind ×2
    87. Converter
    88. Wind ×4
    89. Converter
    90. Advanced Fusion ReactorAdvanced Fusion Reactordone 14:43
    91. Con turret
    92. Wind ×2
    93. Con turret
    94. Wind
    95. Converter
    96. Wind
    97. Converter ×2
    98. Wind ×5
    99. Converter
    100. Wind ×3
    101. Converter
    102. Wind
    103. Converter ×2
    104. Con turret ×2
    105. Wind
    106. Con turret
    107. Converter ×2
    108. Wind ×4
    109. Converter ×2
    110. Wind ×3
    111. Converter
    112. Wind ×4
    113. Converter
    114. Wind
    115. Converter
    116. Wind
    117. Converter
    118. Wind ×4
    119. Converter
    120. Wind ×2
    121. Converter
    122. Wind ×4
    123. Converter ×2
    124. Wind ×2
    125. Converter
    126. Wind ×4
    127. Converter
    128. Wind
    129. Converter
    130. Wind ×3
    131. Converter
    132. Wind ×2
    133. Converter
    134. Wind ×5
    135. Converter
    136. Wind
    137. Converter ×2
    138. Wind ×6
    139. Converter ×2
    140. Wind ×3
    141. Converter
    142. Wind ×3
    143. Converter
    144. Wind
    145. Converter
    146. Wind ×5
    147. Converter ×2
    148. Wind
    149. Converter
    150. Wind ×5
    151. Converter
    152. Wind ×3
    153. Converter
    154. Wind ×3
    155. Converter
    156. Wind
    157. Converter
    158. Wind ×5
    159. Advanced Fusion ReactorAdvanced Fusion Reactor
    160. Converter
    161. Wind ×2
    162. Converter
    163. JunoJuno
    164. Wind ×3
    165. Converter
    166. Wind
    167. Con turret
    168. Wind ×2
    169. Con turret

Counts are medians over the build's games: half of them build more, half fewer. The example game is BenziR's (32 OS, 18/09/2026); pick another.

Team trades

IN AT LEAST 30% OF ITS GAMES

You hand over

  • Construction Bot1 Con bot to Airfirst at 2:23 · in 84% of games
  • Advanced Construction Bot5 T2 con bot to Air or Geo sea or Pondfirst at 4:50 · in 99% of games
  • Butler2 Butler to Geo sea or Beach sea or Pondfirst at 9:07 · in 42% of games

You get

  • Hercules1 Light transport from Airfirst at 4:01 · in 86% of games

How it plays out

Typical game of this build, running totals by minute

Metal produced

020k40k
0:005:0010:0015:00

metal

Enemy metal destroyed

050100
0:005:0010:0015:00

metal

Own metal lost

050100150
0:005:0010:0015:00

metal

1874 games.

Show as table
ByMetal produced: This buildEnemy metal destroyed: This buildOwn metal lost: This build
1:0038300
2:0091500
3:00165100
4:00314400
5:00484700
6:00580000
7:00722700
8:00906100
9:001117300
10:001350300
11:001624200
12:001965600
13:002344500
14:0027362073
15:003154285130
WHAT THE NUMBERS SAY

Standard Tech play barely fights at all early, instead pouring metal into T2 infrastructure and constructors for the team.

  • + Metal produced hits 31679 by 15:00, by far the highest of any role here.
  • + T2 factory reached in 97% of games by 4:15, fastest and most reliable T2 timing.
  • − Enemy metal destroyed stays at 0 through 10:00, no early offense at all.
  • − Own metal lost also near 0, showing total avoidance of combat risk.
THE EXAMPLE YOU ARE READING

BenziR

31.8 OS · 18/09/2026

Open source match ↗

1 received units
2258 metal received · 51480 energy received

Allied construction assistance is unknown. Timings are observations, not a promise of solo reproducibility.

Typical milestones

Bot Lab1:18Middle 50%: 1:13–1:32 · n=1874
Advanced Bot Lab4:16Middle 50%: 4:04–4:30 · n=1867
Advanced Metal Extractor5:29Middle 50%: 5:05–5:59 · n=1870

Played most by

Amrissa93games of this buildTheGeneraI66games of this buildAdeus57games of this buildEl_Turco56games of this buildKOT_43games of this build